 Dungeon Crawl Stone Soup version 0.28-a0-535-g6f645e4c1d (webtiles) character file.

Game seed: 8011109270832041618

18956 shoop the Black Sun (level 12, -7/54 HPs)
             Began as a Vine Stalker Enchanter on Sept 26, 2021.
             Was a High Priest of Kikubaaqudgha.
             Mangled by a yak (10 damage)
             ... on level 2 of the Lair of Beasts.
             The game lasted 00:49:02 (13918 turns).

shoop the Black Sun (Vine Stalker Enchanter)       Turns: 13918, Time: 00:49:04

Health: -7/54      AC: 15    Str: 14    XL:     12   Next: 63%
Magic:  0/34       EV: 11    Int: 18    God:    Kikubaaqudgha [*****.]
Gold:   913        SH:  0    Dex: 17    Spells: 21/28 levels left

rFire   . . .      SeeInvis .   a - +2 dagger (venom)
rCold   . . .      Faith    .   (no shield)
rNeg    . . .      Spirit   +   l - +4 ring mail
rPois   +          Reflect  .   y - +0 helmet
rElec   .          Harm     .   I - +0 cloak
rCorr   .          Rampage  .   F - +2 pair of gloves {Str+3}
Will    +....                   (no boots)
Stlth   +++.......              (no amulet)
HPRegen 1.18/turn               g - ring of magical power
MPRegen 0.24/turn               B - ring of poison resistance

@: about to teleport
A: fangs 3, regeneration 1, magic shield, antimagic bite, no potion heal 2
a: Renounce Religion, Receive Corpses, Torment


You were on level 2 of the Lair of Beasts.
You worshipped Kikubaaqudgha.
Kikubaaqudgha was extremely pleased with you.
You visited 2 branches of the dungeon, and saw 15 of its levels.

You collected 913 gold pieces.

Inventory:

Hand Weapons
 a - a +2 dagger of venom (weapon)
 b - the +6 whip of the Leaping Penguin {spect, rPois}
   (You found it on level 9 of the Dungeon)

   When its wielder attacks, the weapon's spirit leaps out and strikes again.
   The spirit shares a part of any damage it takes with its wielder.
   rPois:     It protects you from poison.
 v - a +1 dagger
 J - the +6 hand axe of Wituxiof {venom, rPois Int+4}
   (You found it on level 8 of the Dungeon)

   It poisons the flesh of those it strikes.
   Int:       It affects your intelligence (+4).
   rPois:     It protects you from poison.
 M - a +1 vampiric falchion
 R - the +4 hunting sling of the Inferno {venom, rElec Will+ Str-4 Dex+4}
   (You found it on level 11 of the Dungeon)

   Any ammunition fired from it poisons the flesh of those it strikes.
   Str:       It affects your strength (-4).
   Dex:       It affects your dexterity (+4).
   rElec:     It insulates you from electricity.
   Will:      It increases your willpower.
 S - a +2 short sword of distortion
Missiles
 p - 38 poisoned darts (quivered)
 P - 8 curare-tipped darts
 Q - 2 throwing nets
Armour
 l - a +4 ring mail (worn)
 t - a +0 robe
 y - a +0 helmet (worn)
 F - a +2 pair of gloves of strength (worn)
 I - a +0 cloak (worn)
 V - a scarf of resistance
Magical Staves
 u - a staff of cold
Jewellery
 g - a ring of magical power (left hand)
 x - a ring of resist corrosion
 B - a ring of poison resistance (right hand)
Wands
 w - a wand of flame (19)
 E - a wand of iceblast (30)
 H - a wand of paralysis (2)
 L - a wand of acid (10)
 O - a wand of polymorph (8)
Scrolls
 h - 7 scrolls of teleportation
 i - 6 scrolls of immolation
 j - 2 scrolls of acquirement
 m - a scroll of torment {unknown}
 o - 3 scrolls of fog
 A - 4 scrolls of amnesia
 C - 2 scrolls of blinking {unknown}
 G - a scroll of summoning
 N - a scroll of brand weapon
 U - a scroll of enchant armour {unknown}
Potions
 c - a potion of invisibility
 d - 2 potions of heal wounds
 e - 8 potions of curing
 f - 4 potions of brilliance {unknown}
 k - a potion of flight
 n - 5 potions of lignification {unknown}
 q - a potion of might {unknown}
 r - a potion of resistance
 s - 3 potions of degeneration {unknown}
 z - a potion of magic
 D - 2 potions of haste
 K - a potion of cancellation
 T - a potion of attraction {unknown}


   Skills:
 - Level 2.0 Fighting
 - Level 8.0 Short Blades
 - Level 1.0 Throwing
 - Level 3.0 Armour
 - Level 2.0 Dodging
 - Level 8.0 Stealth
 + Level 8.9 Spellcasting
 - Level 4.0 Hexes
 * Level 11.6 Necromancy
 - Level 3.0 Ice Magic
 + Level 7.6 Earth Magic
 - Level 3.0 Evocations


You had 21 spell levels left.
You knew the following spells:

 Your Spells              Type           Power      Damage    Failure   Level
a - Borgnjor's Vile Clut  Necr/Erth      21%        N/A       10%         5
c - Ensorcelled Hibernat  Hex/Ice        40%        N/A       6%          2

Your spell library contained the following spells:

 Spells                   Type           Power      Damage    Failure   Level
 Animate Skeleton         Necr           98%        N/A       1%          1
 Pain                     Necr           100%       1d9       1%          1
 Sublimation of Blood     Necr           24%        N/A       1%          2
 Vampiric Draining        Necr           24%        2d9       1%          3
 Animate Dead             Necr           24%        N/A       1%          4
 Dispel Undead            Necr           49%        3d18      1%          4
 Agony                    Necr           49%        N/A       4%          5
 Excruciating Wounds      Necr           24%        N/A       4%          5
 Confusing Touch          Hex            22%        N/A       11%         3
 Tukima's Dance           Hex            22%        N/A       11%         3
 Apportation              Tloc           16%        N/A       19%         1
 Summon Small Mammal      Summ           32%        N/A       19%         1
 Dazzling Flash           Conj/Hex       30%        N/A       24%         3
 Summon Guardian Golem    Hex/Summ       15%        N/A       24%         3
 Wereblood                Tmut           8%         N/A       26%         2
 Call Canine Familiar     Summ           8%         N/A       47%         3
 Ignite Poison            Fire/Tmut/Pois 8%         N/A       47%         3
 Mephitic Cloud           Conj/Pois/Air  8%         N/A       47%         3
 Simulacrum               Ice/Necr       17%        N/A       80%         6
 Silence                  Hex/Air        7%         N/A       91%         5
 Freezing Cloud           Conj/Ice/Air   5%         6-21      97%         5
 Alistair's Intoxication  Tmut/Pois      5%         N/A       99%         5
 Blade Hands              Tmut           4%         N/A       99%         5
 Irradiate                Conj/Tmut      4%         3d14      99%         5
 Invisibility             Hex            11%        N/A       99%         6
 Dragon Form              Tmut           4%         N/A       100%        7
 Summon Hydra             Summ           4%         N/A       100%        7
 Polar Vortex             Ice            9%         N/A       100%        9


Dungeon Overview and Level Annotations

Branches:
Dungeon (12/15)            Temple (0/1) D:4            Lair (3/6) D:9
    Orc (0/2) D:12
  Swamp: Lair:2-4    Shoals: Lair:2-4     Snake: Lair:2-4    Spider: Lair:2-4

Altars:
Ashenzari
Elyvilon
Fedhas
Hepliaklqana
Kikubaaqudgha
Nemelex Xobeh
Qazlal
Ru
Sif Muna
Trog
Vehumet
Wu Jian
Beogh

Shops:
D:5 =   D:12 (

Portals:
Trove: D:11 (give +3 gold dragon scales)

Annotations:
D:2 1 runed translucent door, Crazy Yiuf
D:6 Edmund
D:7 Joseph
D:10 1 runed translucent door
D:11 exclusion: cyclops
D:12 exclusions: 2 doors, hydra and orc


Innate Abilities, Weirdness & Mutations

You have razor-sharp teeth.
Your natural rate of healing is unusually fast.
When hurt, damage is shared between your health and your magic reserves.
Your bite disrupts and absorbs the magic of your enemies.
Potions cannot restore your health.


Message History

The yak gores you! The komodo dragon bites you!!
Unknown command.
Casting: Ensorcelled Hibernation (safe; 6% risk of failure)
Confirm with . or Enter, or press ? or * to list all spells.
The spell is quite dangerous to cast (10% risk of failure)!
Continue anyway?
Aiming: Borgnjor's Vile Clutch (quite dangerous; 10% risk of failure)
Press: ? - help, Shift-Dir - straight line, f - yak, p - yak
Aim: a yak (100% to hit)
Zombie hands grab the komodo dragon.
Zombie hands grab the yak.
The zombie hands constrict the komodo dragon.
The zombie hands constrict the yak!
The yak gores you. x2
The komodo dragon barely misses you.
You hit the komodo dragon but do no damage.
The komodo dragon is poisoned.
The komodo dragon is lightly wounded.
The zombie hands constrict the komodo dragon.
The zombie hands constrict the yak.
The yak barely misses you.
You hit the komodo dragon but do no damage.
The komodo dragon looks as sick as possible!
The komodo dragon is lightly wounded.
The zombie hands constrict the komodo dragon.
The zombie hands constrict the yak.
The yak gores you but does no damage. The komodo dragon bites you!!
* * * LOW HITPOINT WARNING * * *
The yak gores you but does no damage.
Okay, then.
Unknown command.
Okay, then.
Casting: Borgnjor's Vile Clutch (quite dangerous; 10% risk of failure)
Confirm with . or Enter, or press ? or * to list all spells.
Okay, then.
As you read the scroll of teleportation, it crumbles to dust.
You feel strangely unstable.
The zombie hands constrict the komodo dragon!
The zombie hands constrict the yak!!
The yak gores you but does no damage. The komodo dragon bites you!
* * * LOW HITPOINT WARNING * * *
The yak gores you!
You die...
Kikubaaqudgha rasps: "You have failed me!
Welcome... death!"

####..##...##
##P..##
.P##..##....##
###...
.###..###....# ##..
...#..P####(.### #..
..##..## ##...# #..
..##..## #.#..#
####.. ..#....#
##.#.## #.#...
...#..## ##^#Y##
##.... ..P##..#
####@## ##^...
..###.## #### #Yl##
#.....
...#..#####..####Y.#
### ##.....
..##..##P.....#
##.###.# #......
..##..........#
#....## #......
.###..........#
##..## #......
.............##
##..## ##.....
#...P....(...##
##..######....
............#.#
#...#.##.....


You could see a komodo dragon (extremely poisoned, clutched) and 3 yaks.

Vanquished Creatures
  Josephine (D:11)
  A boulder beetle (D:11)
  Harold (D:11)
  Pikel (D:8)
  A centaur zombie (D:11)
  Maurice (D:8)
  6 cane toads
  Maggie (D:8)
  A komodo dragon (Lair:2)
  4 trolls
  7 blink frogs
  A meliai zombie (D:10)
  26 yaks
  2 shadows (D:10)
  3 fire bats (D:10)
  A wyvern (D:7)
  2 basilisks
  9 wraiths
  2 steam dragons
  A warg (D:12)
  6 water moccasins
  2 orc warriors (D:12)
  2 ogres (D:5)
  A hornet zombie (D:9)
  2 ice beasts
  A black bear (D:6)
  A sky beast (D:7)
  A necrophage (D:4)
  10 centaurs
  3 phantoms
  2 gnoll sergeants
  7 bullfrogs
  2 water moccasin zombies (D:6)
  2 scorpions
  A water moccasin skeleton (D:4)
  3 killer bees (D:10)
  A wight (D:6)
  An electric eel (D:10)
  6 howler monkeys
  2 jellies
  2 lava snakes (D:10)
  4 hounds
  4 orc priests
  A centaur skeleton (D:6)
  Jessica (D:2)
  2 iguanas
  11 orc wizards
  Robin (D:4)
  6 gnolls
  7 adders
  A howler monkey skeleton (D:7)
  A white imp (D:5)
  An ufetubus (D:7)
  An adder skeleton (D:4)
  2 dart slugs (D:1)
  22 orcs
  17 bats
  5 endoplasms
  6 giant cockroaches
  21 goblins
  13 hobgoblins
  4 jackals
  5 kobolds
  6 quokkas
  9 ball pythons
  A frilled lizard (D:1)
  3 rats
285 creatures vanquished.

Vanquished Creatures (others)
  5 fungi
  3 plants (Lair:2)
  4 toadstools (D:1)
12 creatures vanquished.

Grand Total: 297 creatures vanquished

Notes
Turn   | Place    | Note
-------+----------+-------------------------------------------
     0 | D:1      | shoop the Vine Stalker Enchanter began the quest for the
                  | Orb.
     0 | D:1      | Reached XP level 1. HP: 9/9 MP: 4/4
    61 | D:1      | Reached skill level 1 in Short Blades
   369 | D:1      | Found a faded altar of an unknown god.
   375 | D:1      | Reached XP level 2. HP: 10/13 MP: 6/6
  1206 | D:1      | Reached XP level 3. HP: 16/16 MP: 7/7
  1575 | D:2      | Found an ancient bone altar of Kikubaaqudgha.
  1582 | D:2      | Became a worshipper of Kikubaaqudgha
  1602 | D:2      | Learned a level 2 spell: Ensorcelled Hibernation
  1996 | D:2      | Noticed Jessica
  2057 | D:2      | Killed Jessica
  2058 | D:2      | Reached skill level 1 in Ice Magic
  2058 | D:2      | Gained mutation: Your natural rate of healing is unusually
                  | fast. [Vine Stalker growth]
  2058 | D:2      | Reached XP level 4. HP: 21/21 MP: 8/8
  2665 | D:2      | Found a runed translucent door.
  2666 | D:2      | Noticed Crazy Yiuf
  2795 | D:3      | Reached XP level 5. HP: 25/25 MP: 9/9
  2827 | D:3      | Reached * piety under Kikubaaqudgha
  2827 | D:3      | Received a gift from Kikubaaqudgha
  3170 | D:4      | Reached skill level 1 in Fighting
  3170 | D:4      | Reached skill level 1 in Armour
  3181 | D:4      | Reached skill level 1 in Throwing
  3181 | D:4      | Reached XP level 6. HP: 22/30 MP: 10/10
  3270 | D:4      | Found a staircase to the Ecumenical Temple.
  3545 | D:4      | Noticed a necrophage
  3557 | D:4      | Killed a necrophage
  3566 | D:4      | Reached ** piety under Kikubaaqudgha
  3662 | D:4      | Reached XP level 7. HP: 35/35 MP: 11/11
  4021 | D:4      | Noticed Robin
  4058 | D:5      | Entered Level 5 of the Dungeon
  4199 | D:4      | Killed Robin
  4399 | D:5      | Found a blossoming altar of Fedhas.
  4722 | D:5      | Found a broken altar of Ashenzari.
  4745 | D:5      | Reached skill level 1 in Evocations
  4779 | D:5      | Reached skill level 5 in Short Blades
  4789 | D:5      | Found Vout's Jewellery Shop.
  5008 | D:5      | Gained mutation: You have razor-sharp teeth. [Vine Stalker
                  | growth]
  5008 | D:5      | Reached XP level 8. HP: 39/39 MP: 12/12
  5070 | D:6      | Noticed Edmund
  5322 | D:6      | Reached skill level 5 in Stealth
  5455 | D:6      | Found a sacrificial altar of Ru.
  5513 | D:6      | Reached *** piety under Kikubaaqudgha
  5513 | D:6      | Received a gift from Kikubaaqudgha
  5520 | D:6      | Learned a level 5 spell: Borgnjor's Vile Clutch
  5635 | D:5      | Reached XP level 9. HP: 42/42 MP: 8/15
  5967 | D:6      | Found a stormy altar of Qazlal.
  6278 | D:7      | Reached skill level 1 in Necromancy
  6284 | D:7      | Noticed Joseph
  6324 | D:7      | Found a shimmering blue altar of Sif Muna.
  6472 | D:7      | Found an ornate altar of the Wu Jian Council.
  6477 | D:7      | Noticed a spectral centipede
  6493 | D:8      | Reached skill level 2 in Necromancy
  6690 | D:8      | Reached skill level 3 in Necromancy
  6708 | D:8      | Reached skill level 4 in Necromancy
  6708 | D:8      | Reached XP level 10. HP: 31/46 MP: 17/17
  6796 | D:8      | Reached skill level 1 in Earth Magic
  6828 | D:8      | Noticed Maurice
  6848 | D:8      | Paralysed by Maurice for 5 turns
  6849 | D:8      | Killed Maurice
  6850 | D:8      | Reached skill level 5 in Necromancy
  6871 | D:8      | Identified the +6 hand axe of Wituxiof {venom, rPois Int+4}
  6879 | D:8      | Noticed Maggie
  6903 | D:8      | Killed Maggie
  7080 | D:8      | Noticed Pikel
  7123 | D:8      | Killed Pikel
  7525 | D:6      | Reached skill level 5 in Spellcasting
  7687 | D:9      | Identified the +6 whip of the Leaping Penguin {spect,
                  | rPois}
  7702 | D:9      | Reached skill level 6 in Necromancy
  7970 | D:9      | Found a staircase to the Lair.
  8122 | D:9      | Reached skill level 7 in Necromancy
  8582 | D:10     | Entered Level 10 of the Dungeon
  8795 | D:10     | Found a runed translucent door.
  8853 | D:10     | Reached XP level 11. HP: 37/50 MP: 21/21
  8862 | D:10     | Reached **** piety under Kikubaaqudgha
  9051 | D:10     | Reached skill level 8 in Necromancy
  9569 | D:10     | Found a hazy altar of Hepliaklqana.
  9591 | D:10     | Found a white marble altar of Elyvilon.
  9697 | D:10     | Found a bloodstained altar of Trog.
  9721 | D:10     | Found a radiant altar of Vehumet.
  9733 | D:10     | Noticed a flayed ghost
  9751 | D:10     | Reached skill level 5 in Earth Magic
  9756 | D:10     | Found a white marble altar of Elyvilon.
  9838 | D:10     | Found an ornate altar of the Wu Jian Council.
 10131 | D:11     | Noticed a boulder beetle
 10150 | D:11     | Killed a boulder beetle
 10151 | D:11     | Reached skill level 9 in Necromancy
 10184 | D:11     | Noticed Snorg
 10267 | D:11     | Noticed Harold
 10291 | D:11     | Killed Harold
 10355 | D:11     | Identified the +4 hunting sling of the Inferno {venom,
                  | rElec Will+ Str-4 Dex+4}
 10431 | D:11     | Noticed a cyclops
 10450 | D:11     | Found a portal to a secret trove of treasure.
 11162 | D:11     | Noticed Josephine
 11193 | D:11     | Killed Josephine
 11194 | D:11     | Reached skill level 10 in Necromancy
 11194 | D:11     | Reached XP level 12. HP: 47/54 MP: 24/24
 11342 | D:12     | Noticed a five-headed hydra
 11436 | D:12     | Found a staircase to the Orcish Mines.
 11587 | D:12     | Noticed Sonja
 11588 | D:12     | Noticed Sonja
 11588 | D:12     | Sonja changed into Sonja the warg
 11596 | D:12     | Killed Sonja the warg
 11632 | D:12     | Found a sparkling altar of Nemelex Xobeh.
 11633 | D:12     | Found Giteunid's Antique Weapon Emporium.
 11633 | D:12     | Noticed a five-headed hydra
 11770 | D:12     | Noticed a two-headed ogre
 11776 | D:12     | Noticed a four-headed hydra
 11877 | D:11     | Identified a scroll of acquirement
 11944 | Lair:1   | Entered Level 1 of the Lair of Beasts
 12528 | Lair:1   | Noticed a four-headed hydra
 12574 | Lair:2   | Reached ***** piety under Kikubaaqudgha
 12596 | Lair:2   | Reached skill level 11 in Necromancy
 13834 | Lair:3   | Noticed a four-headed hydra
 13918 | Lair:2   | Mangled by a yak

Illustrated notes

Levels and vault maps discovered:
D:1:      dpeg_cavernosity, layout_rooms,
          shapermc_ecumenical_altar_starsandcircs, grunt_decor_fettered,
          minmay_gold_behind_fungi, minmay_quantized
D:2:      minmay_chambers_of_ones, layout_basic, basic_altar,
          uniq_crazy_yiuf_cottage, uniq_jessica
D:3:      layout_rooms
D:4:      kennysheep_goblin_castle, layout_basic,
          minmay_temple_entry_glassed_door
D:5:      layout_rooms, evilmike_ruin_ashenzari, fedhas_altar_1, serial_shops,
          nicolae_shop_behind_doors
D:6:      layout_cave_pools, mainiacjoe_overflow_divided_tiny,
          minmay_fractal_squares_gapless_5, uniq_edmund
D:7:      layout_rooms, pdpol_wu_jian_five_deadly_venoms,
          mainiacjoe_overflow_chevrons, uniq_joseph
D:8:      layout_basic, uniq_maurice, uniq_maggie, uniq_pikel
D:9:      layout_irregular_city, lair_entry_dummy
D:10:     due_megacathedral, layout_basic, nicolae_lava_and_water
D:11:     layout_stronghold, nicolae_trove_entry_crystal, uniq_snorg,
          uniq_josephine, uniq_harold
D:12:     layout_basic, minmay_orc_entry_temple_small, serial_shops,
          nicolae_shop_window_shopping, nemelex_xobeh_ov_fountains_minmay,
          uniq_sonja
Lair:1:   layout_regular_city, grunt_megastairs_1
Lair:2:   layout_cave_pods
Lair:3:   layout_cave_shapes, serial_bayou_shore_a

Skill      XL: |  1  2  3  4  5  6  7  8  9 10 11 12 |
---------------+-------------------------------------+-----
Short Blades   | 1 2 3 4 5 6 8 |  8.0
Ice Magic      | 1 2 3 |  3.0
Stealth        | 4 5 8 |  8.0
Fighting       | 1 2 |  2.0
Armour         | 1 2 3 |  3.0
Dodging        | 2 |  2.0
Throwing       | 1 |  1.0
Evocations     | 3 |  3.0
Spellcasting   | 3 4 6 7 8 |  8.9
Hexes          | 4 |  4.0
Necromancy     | 4 7 10 11 | 11.6
Earth Magic    | 4 6 7 |  7.6

Action                   |  1- 3 |  4- 6 |  7- 9 | 10-12 || total
-------------------------+-------+-------+-------+-------++-------
Melee: Dagger            |   113 |   156 |   344 |   645 ||  1258
       Bite              |    23 |    50 |    95 |   260 ||   428
       Falchion          |       |    47 |     4 |       ||    51
       Whip              |       |       |       |    99 ||    99
Throw: Dart              |       |     7 |     5 |    10 ||    22
 Cast: Ensorcelled Hiber |       |       |    13 |    21 ||    34
       Borgnjor's Vile C |       |       |       |     9 ||     9
Evoke: Wand              |       |       |     1 |     5 ||     6
  Use: Potion            |       |       |     1 |       ||     1
       Scroll            |       |       |     2 |    12 ||    14
 Stab: Sleeping          |     9 |     9 |    13 |    17 ||    48
       Distracted        |       |       |       |     4 ||     4
Armor: Robe              |    20 |     3 |       |       ||    23
       Ring mail         |       |    82 |   130 |   289 ||   501
Dodge: Dodged            |    63 |    92 |   124 |   349 ||   628

Table legend: (Time is in decaauts)
 A = Elapsed time spent in this place.
 B = Non-inter-level travel time spent in this place.
 C = Inter-level travel time spent in this place.
 D = Time resting spent in this place.
 E = Time spent auto-exploring this place.
 F = Levels seen in this place.
 G = Mean time per level.
                   A        B        C        D        E       F      G
               +--------+--------+--------+--------+--------+-----+--------+
         Total |  13598 |  12877 |    721 |    559 |   8815 |  15 |  906.5 |
       Dungeon |  11834 |  11167 |    667 |    455 |   7552 |  12 |  986.2 |
          Lair |   1763 |   1709 |     54 |    104 |   1263 |   3 |  587.7 |
               +--------+--------+--------+--------+--------+-----+--------+

Top non-repeatable levels by time:
     D:1: 1555 daAuts
    D:10: 1418 daAuts
    D:11: 1367 daAuts
     D:4: 1367 daAuts
  Lair:2: 1161 daAuts
     D:2: 1110 daAuts
     D:9: 1086 daAuts
     D:8: 940 daAuts
     D:6: 937 daAuts
     D:5: 811 daAuts
    D:12: 488 daAuts
  Lair:1: 445 daAuts
     D:7: 403 daAuts
     D:3: 347 daAuts
  Lair:3: 156 daAuts
